Map: Romanticide LE

Players

Rogue

  • Race: Zerg Zerg
  • Spawn Location: 11:00

seRRal - Winner!

  • Race: Zerg Zerg
  • Spawn Location: 5:00

Event: StayAtHome Story Cup #3

VOD

Have the link to the VOD?

Description

Time

  • Played on: March 14, 2021, 3:24 p.m.
  • Length: 8:15

All games in this series

Show
View Real Time Build Order
Export as new Build Order

Rogue Zerg 

Build Orders: Hatch First 

Get SALT Encoding   

  12  0:00  Drone  
  13  0:12  Overlord  
  13  0:17  Drone  
  14  0:31  Drone x2  
  16  0:50  Hatchery  
  16  0:51  Drone  
  16  0:54  Drone  
  17  0:57  Drone  
  18  1:08  Extractor  
  17  1:13  Spawning Pool  
  17  1:16  Drone  
  17  1:19  Drone  
  18  1:28  Drone  
  19  1:39  Drone  
  20  1:49  Drone  
  21  2:01  Queen x2  
  21  2:02  Drone  
  21  2:03  Overlord  
  26  2:11  Drone, Metabolic Boost  
  26  2:13  Drone  
  28  2:22  Drone  
  29  2:23  Zergling x2  
  30  2:34  Hatchery  
  30  2:35  Drone  
  30  2:37  Drone  
  30  2:43  Queen  
  33  2:52  Overlord  
  33  2:53  Baneling Nest  
  33  2:55  Drone  
  33  2:59  Zergling x2  
  33  3:00  Drone  
  33  3:04  Drone  
  36  3:11  Drone  
  36  3:12  Drone x3  
  40  3:13  Drone  
  40  3:16  Drone  
  42  3:20  Overlord  
  42  3:24  Drone x2  
  44  3:29  Evolution Chamber  
  43  3:34  Drone  
  43  3:36  Baneling  
  43  3:41  Drone x2  
  46  3:42  Drone x2  
  46  3:45  Lair  
  48  3:50  Roach Warren, Zergling x2  
  48  3:53  Baneling  
  48  3:55  Drone  
  48  3:56  Drone x2  
  48  3:58  Drone  
  48  4:01  Overlord  
  52  4:03  Drone x2  
  52  4:07  Extractor  
  52  4:08  Drone x2, Extractor  
  54  4:14  Drone  
  54  4:15  Drone x3  
  58  4:17  Zerg Missile Weapons Level 1  
  58  4:23  Drone x2  
  58  4:24  Drone  
  61  4:29  Drone x5  
  66  4:31  Overlord  
  66  4:35  Extractor  
  66  4:36  Extractor  
  66  4:37  Overlord  
  64  4:38  Overlord  
  64  4:43  Glial Reconstitution  
  64  4:47  Overlord  
  64  4:57  Overlord  
  63  5:13  Roach x12  
  87  5:18  Overlord  
  87  5:24  Nydus Network  
  87  5:26  Roach x2  
  90  5:28  Roach  
  90  5:33  Roach  
  90  5:34  Roach x3  
  100  5:45  Roach  
  100  5:46  Overseer, Roach x4  
  109  5:50  Overlord  
  109  5:52  Roach x2  
  113  6:03  Overlord x2  
  113  6:14  Roach  
  113  6:15  Roach x3  
  113  6:16  Nydus Canal  
  121  6:23  Roach x4  
  127  6:26  Roach  
  127  6:27  Roach x4  
  137  6:34  Nydus Canal  
  137  6:36  Roach x2  
  137  6:39  Roach x2  
  135  6:48  Drone x4, Extractor  
  135  6:54  Drone, Overlord  
  136  6:55  Drone  
  138  7:02  Spire  
  138  7:08  Nydus Canal  
  137  7:09  Overlord x2  
  137  7:14  Roach  
  137  7:15  Roach x4  
  133  7:21  Roach x3  
  119  7:26  Roach  
  119  7:27  Roach x2  
  119  7:29  Roach  
  105  7:33  Roach  
  105  7:34  Roach  
  105  7:38  Roach x2  
  105  7:39  Roach  
  105  7:41  Roach  
  109  7:49  Roach x4  
  112  7:54  Roach x2  
Show
View Real Time Build Order
Export as new Build Order

seRRal Zerg - Winner!

Build Orders: Hatch First 

Get SALT Encoding   

  12  0:00  Drone  
  13  0:11  Overlord  
  13  0:17  Drone  
  14  0:30  Drone x2  
  16  0:47  Hatchery  
  15  0:50  Drone  
  15  0:54  Drone  
  17  0:58  Drone  
  18  1:08  Extractor  
  17  1:13  Spawning Pool  
  17  1:16  Drone  
  17  1:19  Drone  
  18  1:28  Drone  
  19  1:38  Drone  
  20  1:48  Drone  
  21  1:59  Queen x2  
  21  2:00  Zergling x2  
  21  2:01  Overlord  
  26  2:08  Metabolic Boost  
  26  2:10  Drone  
  26  2:11  Drone  
  28  2:21  Drone x2  
  30  2:33  Hatchery  
  30  2:36  Drone  
  30  2:38  Drone  
  31  2:44  Baneling Nest  
  31  2:46  Drone  
  31  2:51  Overlord  
  31  2:53  Drone  
  31  2:55  Zergling x2  
  33  3:05  Drone x2  
  35  3:08  Drone  
  35  3:09  Drone x2  
  35  3:10  Zergling x2  
  35  3:11  Zergling x2  
  40  3:16  Overlord  
  40  3:19  Zergling x2  
  41  3:21  Drone  
  41  3:25  Queen  
  44  3:33  Zergling x2, Evolution Chamber  
  44  3:35  Drone  
  44  3:39  Drone x3  
  44  3:40  Drone  
  49  3:42  Drone  
  49  3:44  Drone  
  49  3:47  Drone  
  49  3:48  Drone  
  53  3:52  Lair  
  53  3:54  Extractor  
  52  3:56  Overlord  
  52  3:59  Drone  
  53  4:04  Roach Warren  
  53  4:08  Zerg Missile Weapons Level 1  
  53  4:09  Drone  
  53  4:10  Drone  
  53  4:12  Drone  
  53  4:14  Drone  
  53  4:15  Drone  
  57  4:20  Overlord  
  57  4:21  Drone  
  57  4:22  Extractor, Drone  
  58  4:25  Drone x2  
  58  4:28  Zergling x2  
  60  4:31  Drone x2  
  60  4:36  Drone x2, Overlord  
  64  4:41  Drone x3  
  64  4:43  Extractor  
  64  4:44  Extractor  
  64  4:45  Drone x3  
  68  4:55  Glial Reconstitution  
  68  4:56  Overlord x2  
  67  5:04  Roach  
  67  5:05  Roach x4  
  77  5:08  Overlord  
  77  5:11  Roach  
  79  5:14  Overlord  
  79  5:18  Roach x3  
  79  5:21  Overlord  
  85  5:23  Roach  
  85  5:24  Roach  
  89  5:30  Roach  
  89  5:31  Nydus Network  
  89  5:34  Roach x2  
  94  5:36  Roach  
  94  5:40  Roach  
  94  5:41  Roach  
  100  5:48  Roach x4  
  100  5:49  Roach  
  110  5:53  Roach x2  
  114  5:58  Overlord  
  114  6:00  Roach x2  
  120  6:04  Roach x2  
  120  6:08  Nydus Canal  
  122  6:14  Overlord  
  122  6:16  Roach x2  
  122  6:17  Roach  
  124  6:19  Roach x2  
  124  6:21  Roach  
  124  6:22  Roach  
  124  6:24  Roach  
  129  6:29  Overlord x2  
  129  6:34  Overlord  
  129  6:38  Roach x2  
  131  6:43  Roach x2  
  131  6:46  Spore Crawler  
  134  6:49  Overlord  
  134  6:51  Roach x2  
  134  6:53  Roach x2  
  143  6:59  Nydus Canal, Ravager  
  144  7:03  Roach x3  
  144  7:07  Overlord  
  150  7:14  Roach x4  
  150  7:15  Roach  
  152  7:17  Roach x2  
  152  7:20  Roach  
  152  7:22  Roach  
  142  7:23  Roach  
  142  7:25  Roach  
  142  7:28  Roach  
  142  7:31  Nydus Canal, Roach  
  142  7:33  Roach  
  146  7:41  Roach x4  
  146  7:44  Roach  
  152  7:48  Roach  
  152  7:49  Roach x2  
  156  7:53  Nydus Canal  
  156  7:55  Roach  
Tags
 
Add a new tag
Caveats
  • Supply blocks, unpowered buildings, or Contaminate may cause inaccurate times.
  • Supply counts are checked every 10 seconds.